 Dungeon Crawl Stone Soup version 0.31-a0-188-g5e087ee2ca (webtiles) character file.

Game seed: 5057443132056278977

44 qw the Shooter (level 3, -1/20 HPs)
             Began as a Deep Elf Hunter on June 23, 2023.
             Slain by Terence
             ... wielding a +0 flail
              (4 damage)
             ... on level 2 of the Dungeon.
             The game lasted 00:00:24 (1008 turns).

qw the Shooter (Deep Elf Hunter)                    Turns: 1008, Time: 00:00:24

Health: -1/20      AC:  3    Str: 10    XL:     3   Next: 39%
Magic:  5/5        EV: 12    Int: 13    God:
Gold:   67         SH:  0    Dex: 18    Spells: 2/2 levels left

rFire   . . .        Y - +0 shortbow
rCold   . . .        (shield currently unavailable)
rNeg    . . .        c - +0 leather armour
rPois   .            (no helmet)
rElec   .            (no cloak)
rCorr   .            (no gloves)
SInv    .            (no boots)
Will    .....        (no amulet)
Stlth   ++           (no ring)
HPRegen 0.23/turn    (no ring)
MPRegen 0.09/turn

%: no passive effects
@: no status effects
A: no striking features
a: no special abilities


You were on level 2 of the Dungeon.
You visited 1 branch of the dungeon, and saw 2 of its levels.

You collected 67 gold pieces.


   Skills:
 - Level 1.5 Fighting
 + Level 7.0 Ranged Weapons
 - Level 2.4 Dodging
 - Level 1.2 Stealth


You had 2 spell levels left.
You didn't know any spells.
Your spell library was empty.

Inventory:

Hand Weapons
 Y - a +0 shortbow (weapon)
Armour
 c - a +0 leather armour (worn)
Jewellery
 g - a ring of protection from cold
Scrolls
 f - a scroll of vulnerability {unknown}
Potions
 a - a potion of heal wounds {unknown}
 b - a potion of resistance {unknown}
 d - a potion of invisibility {unknown}
 e - 2 potions of might {unknown}

Dungeon Overview and Level Annotations

Branches:
Dungeon (2/15)

Altars:

Annotations:
D:2 Terence


Message History

Enter note:
Enter note:
Found an escape hatch in the ceiling.
Enter note:
Enter note:
Enter note:
Enter note: You now have 67 gold pieces (gained 14).
Terence the Incautious comes into view.
He is wielding a +0 flail and wearing a +1 scale mail of positive energy.
Enter note:
Enter note:
Enter note:
Enter note: You shoot an arrow.
The arrow hits Terence.
Terence shouts!
Terence is lightly wounded.
You hear a bark!
You shoot an arrow. The arrow barely misses Terence.
You shoot an arrow. The arrow hits Terence!
Terence is severely wounded.
Enter note:
Enter note:
Enter note:
Enter note: You shoot an arrow.
The arrow completely misses Terence.
You shoot an arrow.
The arrow hits Terence but does no damage.
Terence is severely wounded.
Terence hits you with a +0 flail! Terence barely misses you.
You shoot an arrow.
The arrow hits Terence but does no damage.
Terence is severely wounded.
Terence closely misses you.
You shoot an arrow. The arrow closely misses Terence.
Terence hits you with a +0 flail!
Ouch! That really hurt!
You shoot an arrow. The arrow barely misses Terence.
A jackal comes into view.
Terence hits you with a +0 flail.
You die...

.........###..#######
####.##### #..#
####.# #..# .....#
#..# ###### #..#
#..#### #.....#
#..##.# #..##@#
#..##@# #......
......## ##...###
###.# #h #


You could see Terence and a jackal (wandering).

Vanquished Creatures
  2 dart slugs
  5 endoplasms (D:1)
  2 giant cockroaches (D:1)
  4 goblins (D:2)
  2 hobgoblins
  4 jackals (D:1)
  3 kobolds (D:1)
  2 quokkas
  3 ball pythons
  3 bats
  A frilled lizard (D:2)
  2 rats (D:1)
33 creatures vanquished.

Notes
Turn   | Place    | Note
-------+----------+-------------------------------------------
     0 | D:1      | qw the Deep Elf Hunter began the quest for the Orb.
     0 | D:1      | Reached XP level 1. HP: 12/12 MP: 3/3
     0 | D:1      | 0 ||| qw: Version: 0.3-a-9-g12657ce
     0 | D:1      | 0 ||| qw: Game counter: 4021
     0 | D:1      | 0 ||| qw: Always use a shield: true
     0 | D:1      | 0 ||| qw: God list: Okawaru
     0 | D:1      | 0 ||| qw: Allow faded altars: false
     0 | D:1      | 0 ||| qw: Do Orc after D:15 true
     0 | D:1      | 0 ||| qw: Do second Lair branch before Depths: true
     0 | D:1      | 0 ||| qw: Lair rune preference: random
     0 | D:1      | 0 ||| qw: Plans: Normal
     0 | D:1      | 0 ||| PLANNING D:1-11
    84 | D:1      | Reached skill level 6 in Ranged Weapons
    84 | D:1      | Reached XP level 2. HP: 16/16 MP: 4/4
   660 | D:1      | 660 ||| READING 2 scrolls labelled SUHESEO PU BOI.
   661 | D:1      | 661 ||| READING 2 scrolls labelled OMOIVU YRASER.
   662 | D:1      | 662 ||| READING scroll labelled IPRARE LU NUMM.
   667 | D:1      | 667 ||| DROPPING scroll of noise.
   668 | D:1      | 668 ||| DROPPING scroll of butterflies.
   669 | D:1      | 669 ||| DROPPING scroll of poison.
   706 | D:2      | Reached XP level 3. HP: 20/20 MP: 5/5
   894 | D:2      | Reached skill level 7 in Ranged Weapons
   999 | D:2      | Noticed Terence
  1007 | D:2      | HP: 2/20 [Terence/+0 flail (11)]
  1008 | D:2      | Slain by Terence

Levels and vault maps discovered:
D:1:      evilmike_arrival_crescent, layout_loops_ring
D:2:      layout_loops_ring, minmay_domino_4, uniq_terence

Skill      XL: |  1  2  3 |
---------------+----------+-----
Ranged Weapons | 6 7 |  7.0
Fighting       | |  1.5
Dodging        | |  2.4
Stealth        | |  1.2

Action                     || total
---------------------------++-------
   Fire: Shortbow          ||   101
    Use: Scroll            ||     3
 Armour: Leather armour    ||     8
  Dodge: Dodged            ||    26

Table legend:
 A = Non-vault XP
 B = Vault XP
 C = Vault XP percentage of total XP
 D = Non-vault monster count
 E = Vault monster count
 F = Vault count percentage of total count
                 A         B        C        D         E       F
            +---------+---------+-------+---------+---------+-------
      Total |      58 |       5 |   7.9 |      30 |       3 |   9.1
            +---------+---------+-------+---------+---------+-------
        D:1 |      40 |       0 |   0.0 |      22 |       0 |   0.0
        D:2 |      18 |       5 |  21.7 |       8 |       3 |  27.3
            +---------+---------+-------+---------+---------+-------
